cohdb
Replays
Latest Replays
All Replays
Popular Replays
Top Player Replays
Match Explorer
How It Works
Community
CoH3 Stats
Reddit
Sign in to upload your games and track your stats! →
Sign in with Steam
Match 40946500
Unlisted
Match 40946500
Overview
Messages
Build Orders
End
Kettenkrad Recon Vehicle
Construct Infanterie Kompanie
Selects Mechanized Battlegroup
Grenadier Squad
MG 42 Machine Gun Team
Grenadier Squad
Infanterie Officer Quarters
Sniper
Construct Panzergrenadier Kompanie
251 Medium Carrier
Pak 40 Anti-tank Gun Team
Selects Raid Package
Panzergrenadier Squad
Selects StuG Assault Group
StuG Assault Group
Construct Panzer Kompanie
Selects UNKNOWN (2160084)
Selects Mobile Repair Stations
Pak 40 Anti-tank Gun Team
Panther Heavy Tank
Pak 40 Anti-tank Gun Team
KevinTDW
Jonzzy22
Numenour
Hanzawilhelm Longbowman of Crécy
0
0
Comments
sign in to comment!
No comments posted yet!